 Dungeon Crawl Stone Soup version 0.27.1-34-g3ba077fa99 (webtiles) character file.

Game seed: 14400331096570511836

11 cbfl8 the Sneak (level 2, 0/27 HPs)
             Began as a Minotaur Delver on Jan 20, 2022.
             Slain by an iguana (12 damage)
             ... on level 3 of the Dungeon.
             The game lasted 00:00:42 (135 turns).

cbfl8 the Sneak (Minotaur Delver)                    Turns: 135, Time: 00:00:43

Health: 0/27       AC:  3    Str: 16    XL:     2   Next: 17%
Magic:  1/1        EV: 11    Int:  7    God:
Gold:   12         SH:  0    Dex: 11    Spells: 1/1 levels left

rFire    . . .     SeeInvis .   a - +0 hand axe
rCold    . . .     Faith    .   (no shield)
rNeg     . . .     Spirit   .   b - +0 leather armour
rPois    .         Reflect  .   (helmet restricted)
rElec    .         Harm     .   (no cloak)
rCorr    .         Rampage  .   (no gloves)
Will     .....                  (no boots)
Stlth    ++........             (no amulet)
HPRegen  0.09/turn              (no ring)
MPRegen  0.07/turn              (no ring)

@: no status effects
A: horns 2, retaliatory headbutt
a: no special abilities


You were on level 3 of the Dungeon.
You visited 1 branch of the dungeon, and saw 3 of its levels.

You collected 12 gold pieces.

Inventory:

Hand Weapons
 a - a +0 hand axe (weapon)
Armour
 b - a +0 leather armour (worn)
Wands
 g - a wand of digging (3)
Scrolls
 c - a scroll of fog
 e - a scroll of fear
 h - a scroll of identify {unknown}
Potions
 f - a potion of haste


   Skills:
 + Level 3.8 Fighting
 + Level 2.5 Axes
 + Level 2.2 Dodging
 + Level 4.4 Stealth


You had one spell level left.
You didn't know any spells.
Your spell library was empty.

Dungeon Overview and Level Annotations

Branches:
Dungeon (5/15)
 Temple: D:4-7

Altars:


Innate Abilities, Weirdness & Mutations

You have a pair of horns on your head.
You reflexively headbutt those who attack you in melee.


Message History

As you read the scroll of magic mapping, it crumbles to dust.
You feel aware of your surroundings.
You sensed 1 shop/portal.
The frilled lizard hisses angrily.
You hear an angry hiss.
A ball python comes into view.
An iguana comes into view.
Found a stone staircase leading down.
The ball python hisses angrily.
You hit the ball python.
The ball python is severely wounded.
The ball python barely misses you. The ball python grabs you.
The ball python constricts you.
You slash the ball python!
You kill the ball python!
Found a scroll labelled FIXI IGGAAGU.
The iguana hisses menacingly.
You see here a ball python corpse.
The frilled lizard bites you. The iguana bites you.
The frilled lizard bites you but does no damage.
The iguana closely misses you.
The frilled lizard bites you but does no damage.
The iguana bites you! The frilled lizard bites you.
You see here a +2 short sword of draining.
The iguana completely misses you.
You see here a scroll labelled FIXI IGGAAGU.
Found a stone staircase leading up.
A hobgoblin comes into view.
A hobgoblin comes into view.
An orc comes into view. It is wielding a +0 falchion.
A goblin comes into view. It is wielding a +0 club.
Found an escape hatch in the ceiling.
The hobgoblin shouts!
The iguana bites you but does no damage.
Found a quarterstaff.
The orc shouts!
The frilled lizard barely misses you. The iguana bites you.
The frilled lizard bites you.
There is a stone staircase leading up here.
The iguana bites you!
You die...

.†......###**..........,*
..8#8.....##*#.........#*
..#$#......###.........#
..8#8...........g......#
........#.#.##..o......#
.......).......gg......#
......#.?..............#
.....##........l.......#
...####........l@.....#*
..##**#..............##
..#,,...........#.####
###,###.........#.#****
,,,,* #########....,,,*
,,,***********#....#*,*
,,,,,,,,,,,,,,......,,*
**************#.)..⌠.,*
*,,,*,*,*


You could see an iguana, an orc, 2 hobgoblins, a goblin (wandering) and a
frilled lizard.

Vanquished Creatures
  An adder (D:5)
  A ball python (D:3)
  A goblin (D:4)
3 creatures vanquished.

Notes
Turn   | Place    | Note
-------+----------+-------------------------------------------
     0 | D:5      | cbfl8 the Minotaur Delver began the quest for the Orb.
     0 | D:5      | Reached XP level 1. HP: 19/19 MP: 0/0
    21 | D:5      | Reached XP level 2. HP: 18/27 MP: 1/1
   135 | D:3      | Slain by an iguana

Illustrated notes

Levels and vault maps discovered:
D:3:      layout_rooms, gup_sewer_entry_spiral, hangedman_feature_mirror,
          minmay_statues_item
D:4:      layout_layer_cave, general_overflow_altar, minmay_temple_entry_arrows,
          uniq_eustachio
D:5:      layout_loops_cross

Action                   || total
-------------------------++-------
Melee: Hand axe          ||     7
  Use: Scroll            ||     1
Armor: Leather armour    ||     4
Dodge: Dodged            ||    10
